 Dungeon Crawl Stone Soup version 0.27.0-1-g7a089689b8 (webtiles) character file.

Game seed: 4499322510894548570

85 Naeght the Poker (level 4, -7/35 HPs)
             Began as a Merfolk Gladiator on Aug 17, 2021.
             Killed from afar by Ijyb (12 damage)
             ... with a puff of flame
             ... on level 4 of the Dungeon.
             The game lasted 00:02:23 (3060 turns).

Naeght the Poker (Merfolk Gladiator)                Turns: 3060, Time: 00:02:23

Health: -7/35      AC:  5    Str: 15    XL:     4   Next: 48%
Magic:  4/4        EV: 13    Int:  7    God:
Gold:   72         SH:  0    Dex: 15    Spells: 3/3 levels left

rFire    . . .     SeeInvis .   a - +0 trident
rCold    . . .     Faith    .   (no shield)
rNeg     . . .     Spirit   .   b - +0 leather armour
rPois    .         Reflect  .   c - +0 helmet
rElec    .         Harm     .   i - +0 cloak
rCorr    .         Rampage  .   (no gloves)
Will     .....                  (no boots)
Stlth    +.........             (no amulet)
HPRegen  0.11/turn              (no ring)
MPRegen  0.09/turn              (no ring)

@: no status effects
A: (nimble swimmer 2), mertail
a: no special abilities


You were on level 4 of the Dungeon.
You visited 1 branch of the dungeon, and saw 4 of its levels.

You collected 72 gold pieces.

Inventory:

Hand Weapons
 a - a +0 trident (weapon)
Missiles
 d - 3 throwing nets (quivered)
 m - 21 poisoned darts
Armour
 b - a +0 leather armour (worn)
 c - a +0 helmet (worn)
 i - a +0 cloak (worn)
Jewellery
 g - a ring of willpower
Wands
 p - a wand of iceblast (4)
Scrolls
 e - 5 scrolls of identify {unknown}
 f - a scroll of teleportation {unknown}
 j - 2 scrolls of enchant armour {unknown}
 o - a scroll of noise {unknown}
 q - a scroll of magic mapping {unknown}
Potions
 h - 4 potions of heal wounds {unknown}
 k - a potion of brilliance {unknown}
 l - a potion of curing
 n - a potion of degeneration {unknown}


   Skills:
 + Level 3.3 Fighting
 * Level 6.6 Polearms
 - Level 2.0 Throwing
 - Level 4.0 Dodging


You had 3 spell levels left.
You didn't know any spells.
Your spell library contained the following spells:

 Spells                   Type           Power      Damage    Failure   Level
 Beastly Appendage        Tmut           0%         N/A       50%         1
 Wereblood                Tmut           0%         N/A       65%         2
 Spider Form              Tmut/Pois      0%         N/A       86%         3


Dungeon Overview and Level Annotations

Branches:
Dungeon (4/15)
 Temple: D:4-7

Altars:
Makhleb

Annotations:
D:4 Ijyb


Innate Abilities, Weirdness & Mutations

((You are quick and stealthy near water. (Stealth+, EV+, Speed+++)))
Your lower body shifts to a powerful aquatic tail in water.


Message History

You are too injured to fight recklessly!
You are too injured to fight recklessly!
You are too injured to fight recklessly!
You are too injured to fight recklessly!
You are too injured to fight recklessly!
You are too injured to fight recklessly!
You are too injured to fight recklessly!
You are too injured to fight recklessly!
You are too injured to fight recklessly!
You are too injured to fight recklessly!
You are too injured to fight recklessly!
You are too injured to fight recklessly!
You are too injured to fight recklessly!
You are too injured to fight recklessly!
You are too injured to fight recklessly!
You are too injured to fight recklessly!
You are too injured to fight recklessly!
You are too injured to fight recklessly!
You are too injured to fight recklessly!
You are too injured to fight recklessly!
You are too injured to fight recklessly!
You are too injured to fight recklessly!
You are too injured to fight recklessly!
You are too injured to fight recklessly!
You are too injured to fight recklessly!
You are too injured to fight recklessly!
You are too injured to fight recklessly!
You are too injured to fight recklessly!
You are too injured to fight recklessly!
You closely miss Ijyb.
Ijyb is heavily wounded.
Ijyb zaps a wand.
The puff of flame hits you.
You barely miss Ijyb.
Ijyb is heavily wounded.
Ijyb hits you with a +0 club.
* * * LOW HITPOINT WARNING * * *
You barely miss Ijyb.
Ijyb is heavily wounded.
Ijyb zaps a wand.
The puff of flame hits you!
You die...

... #. .. ... . ...
.... ###.##... ..
........... ..... ...#
..##...##........ #.#.#
#.#.#.#.#.#......
..............g.......
#.#.#.#.#.#.#@#......
....................
#.#.#.#.#.#.#.#.#.....#
.......................
#.#.#.#<#.#.#.#.#......
# ###.....###.....#
##.....# ...## #.....#
..... ##..### ...#


You could see Ijyb.

Vanquished Creatures
  A hound (D:3)
  2 adders (D:2)
  An ufetubus (D:3)
  An adder skeleton (D:4)
  3 ball pythons
  2 bats
  3 endoplasms
  2 giant cockroaches
  3 goblins (D:1)
  4 hobgoblins
  A quokka (D:1)
  5 frilled lizards
  A kobold (D:3)
  3 rats (D:1)
32 creatures vanquished.

Notes
Turn   | Place    | Note
-------+----------+-------------------------------------------
     0 | D:1      | Naeght the Merfolk Gladiator began the quest for the Orb.
     0 | D:1      | Reached XP level 1. HP: 16/16 MP: 1/1
   261 | D:1      | Found a faded altar of an unknown god.
   267 | D:1      | Reached skill level 5 in Polearms
   267 | D:1      | Reached XP level 2. HP: 23/23 MP: 2/2
   892 | D:2      | Found a burning altar of Makhleb.
   927 | D:2      | Reached XP level 3. HP: 23/28 MP: 3/3
  2222 | D:3      | Reached skill level 6 in Polearms
  2764 | D:3      | Reached XP level 4. HP: 24/35 MP: 4/4
  3039 | D:4      | Noticed Ijyb
  3060 | D:4      | Killed from afar by Ijyb

Illustrated notes

Levels and vault maps discovered:
D:1:      dpeg_arrival_rhombus, layout_loops_ring,
          shapermc_ecumenical_altar_acropolis, st_stairs_3,
          minmay_misc_feat_enclosed
D:2:      layout_basic, basic_altar, amcnicky_mini_pool_small,
          chequers_serial_rivers_small_b, dk_noncrumbling_4,
          serial_bayou_crossing
D:3:      layout_basic, minivault_5
D:4:      layout_cave_pools, st_stairs_12, uniq_ijyb

Skill      XL: |  1  2  3 |
---------------+----------+-----
Polearms       | 5 6 |  6.6
Fighting       | 3 |  3.3
Throwing       | |  2.0
Dodging        | |  4.0

Action                   |  1- 3 |  4- 6 || total
-------------------------+-------+-------++-------
Melee: Trident           |   131 |    37 ||   168
  Use: Potion            |     1 |       ||     1
 Stab: Sleeping          |     3 |       ||     3
Armor: Leather armour    |    31 |     9 ||    40
Dodge: Dodged            |    78 |    41 ||   119
